 Dungeon Crawl Stone Soup version 0.29-a0-819-g94b489e0ae (webtiles) character file.

Game seed: 12375187468612728898

32 Colgate the Sneak (level 3, -6/23 HPs)
             Began as a Kobold Brigand on July 6, 2022.
             Mangled by a worm (9 damage)
             ... on level 2 of the Dungeon.
             The game lasted 00:02:15 (874 turns).

Colgate the Sneak (Kobold Brigand)                   Turns: 874, Time: 00:02:16

Health: -6/23      AC:  3    Str:  8    XL:     3   Next: 42%
Magic:  3/3        EV: 14    Int: 12    God:
Gold:   26         SH:  0    Dex: 18    Spells: 2/2 levels left

rFire   . . .      SeeInvis .   a - +3 dagger
rCold   . . .      Faith    .   (no shield)
rNeg    . . .      Spirit   .   b - +0 robe
rPois   .          Reflect  .   (no helmet)
rElec   .          Harm     .   c - +0 cloak
rCorr   .          Rampage  .   (no gloves)
Will    .....                   (no boots)
Stlth   ++++......              (no amulet)
HPRegen 0.07/turn               (no ring)
MPRegen 0.08/turn               (no ring)

@: no status effects
A: small, no large weapons, nightstalker 3
a: no special abilities


You were on level 2 of the Dungeon.
You visited 1 branch of the dungeon, and saw 2 of its levels.

You collected 26 gold pieces.

Inventory:

Hand Weapons
 a - a +3 dagger (weapon)
 f - a +1 whip of draining
Missiles
 d - 9 poisoned darts (quivered)
 e - 7 curare-tipped darts
Armour
 b - a +0 robe (worn)
 c - a +0 cloak (worn)
 k - a +0 pair of boots
Scrolls
 j - a scroll of identify {@r1}
Potions
 g - a potion of haste {unknown}
 h - a potion of cancellation {unknown}
 i - a potion of mutation {unknown}


   Skills:
 - Level 3.0 Fighting
 - Level 4.0 Short Blades
 - Level 2.1 Throwing
 + Level 1.5 Dodging
 - Level 5.3 Stealth


You had 2 spell levels left.
You didn't know any spells.
Your spell library contained the following spells:

 Spells                   Type           Power      Damage    Failure   Level
 Static Discharge         Conj/Air       0%         3-3/arc   45%         2
 Dispel Undead            Necr           0%         3d6       97%         4
 Sticky Flame             Conj/Fire      0%         2d3       97%         4


Dungeon Overview and Level Annotations

Branches:
Dungeon (2/15)

Altars:

Shops:
D:1 !

Annotations:
D:1 kallion takana pottu


Innate Abilities, Weirdness & Mutations

You are small and have problems with some larger weapons.
You are completely attuned to the shadows.


Message History

A ball python is nearby!
You hit the ball python.
You kill the ball python!
Found a stone staircase leading down.
No target in view!
A worm comes into view.
A dart slug comes into view.
Found a lumpy cyan potion.
There are monsters nearby!
The worm misses you.
There are monsters nearby!
You hit the worm.
There are monsters nearby!
You hit the worm but do no damage. The worm bites you.
There are monsters nearby!
You barely miss the dart slug. The dart slug bites you.
There are monsters nearby!
You hit the dart slug. The worm bites you! The dart slug misses you.
There are monsters nearby!
You are too injured to fight recklessly!
There are monsters nearby!
You are too injured to fight recklessly!
There are monsters nearby!
You are too injured to fight recklessly!
There are monsters nearby!
You are too injured to fight recklessly!
There are monsters nearby!
You are too injured to fight recklessly!
There are monsters nearby!
You are too injured to fight recklessly!
There are monsters nearby!
You are too injured to fight recklessly!
There are monsters nearby!
You hit the worm. You hit the worm but do no damage. The worm bites you.
* * * LOW HITPOINT WARNING * * *
The dart slug closely misses you.
You hit the worm. You hit the worm. The worm bites you!
You die...

.##.......
..........
...#....###
...>.......#.
#...<.........
#....>.##@w...
......##.w...
###.†.†##.......###.
#..........!....#...
#.........####....#
#.......#..###...#
#......###..##...##
#>.............#..#
#....#......#..##.#


You could see a worm and a dart slug.

Vanquished Creatures
  2 dart slugs (D:1)
  2 ball pythons
  3 bats
  2 endoplasms (D:1)
  2 giant cockroaches (D:1)
  4 goblins (D:1)
  2 hobgoblins (D:1)
  3 kobolds (D:1)
  A quokka (D:1)
  A frilled lizard (D:1)
  3 rats (D:1)
25 creatures vanquished.

Notes
Turn   | Place    | Note
-------+----------+-------------------------------------------
     0 | D:1      | Colgate the Kobold Brigand began the quest for the Orb.
     0 | D:1      | Reached XP level 1. HP: 12/12 MP: 1/1
    43 | D:1      | Reached XP level 2. HP: 17/17 MP: 2/2
   166 | D:1      | Reached XP level 3. HP: 18/22 MP: 3/3
   746 | D:1      | Found Uptei's Distillery.
   874 | D:2      | Mangled by a worm

Illustrated notes

Levels and vault maps discovered:
D:1:      lightli_arrival_chessboard, layout_loops_ring, serial_shops,
          nicolae_shop_trees, item_on_display_a
D:2:      minmay_chambers_of_twos, layout_rooms, serial_shops,
          nicolae_shop_stone, nicolae_lakefront_shop,
          nicolae_shop_temple_entry_statues_fountains, nicolae_shop_stone

Skill      XL: |  1  2  3 |
---------------+----------+-----
Short Blades   | 3 4 |  4.0
Fighting       | 3 |  3.0
Throwing       | |  2.1
Dodging        | |  1.5
Stealth        | |  5.3

Action                   || total
-------------------------++-------
Melee: Dagger            ||    35
  Use: Scroll            ||     2
 Stab: Sleeping          ||    19
Dodge: Dodged            ||     7

Table legend: (Time is in decaauts)
 A = Elapsed time spent in this place.
 B = Non-inter-level travel time spent in this place.
 C = Inter-level travel time spent in this place.
 D = Time resting spent in this place.
 E = Time spent auto-exploring this place.
 F = Levels seen in this place.
 G = Mean time per level.
                   A        B        C        D        E       F      G
               +--------+--------+--------+--------+--------+-----+--------+
         Total |    867 |    818 |     49 |      0 |    686 |   2 |  433.5 |
       Dungeon |    867 |    818 |     49 |      0 |    686 |   2 |  433.5 |
               +--------+--------+--------+--------+--------+-----+--------+

Top non-repeatable levels by time:
     D:1: 795 daAuts
     D:2: 72 daAuts
